 Dungeon Crawl Stone Soup version 0.29-a0-885-gb26ba3297d (webtiles) character file.

Game seed: 4449418694226294535

383 porpoise the Poker (level 6, -7/48 HPs)
             Began as a Demonspawn Gladiator on July 21, 2022.
             Mangled by Edmund
             ... wielding a +2 flail of protection
              (8 damage)
             ... on level 4 of the Dungeon.
             The game lasted 00:11:07 (4193 turns).

porpoise the Poker (Demonspawn Gladiator)           Turns: 4193, Time: 00:11:07

Health: -7/48      AC: 11    Str: 17    XL:     6   Next: 47%
Magic:  6/6        EV: 11    Int:  9    God:
Gold:   269        SH:  5    Dex: 14    Spells: 5/5 levels left

rFire   . . .      SeeInvis +   a - +0 trident
rCold   + . .      Faith    .   (no shield)
rNeg    . . .      Spirit   .   i - +0 ring mail
rPois   .          Reflect  +   c - +0 helmet
rElec   .          Harm     .   (no cloak)
rCorr   .          Rampage  +   m - +1 pair of gloves of Efaree {Rampage +Inv rC+ SInv}
Will    .....                   p - +0 pair of boots
Stlth   +.........              n - amulet of reflection
HPRegen 0.16/turn               (no ring)
MPRegen 0.20/turn               (no ring)

@: studying Unarmed Combat, invisible
A: magic regeneration, sharp scales 2
a: Evoke Invisibility


You were on level 4 of the Dungeon.
You visited 1 branch of the dungeon, and saw 4 of its levels.

You collected 269 gold pieces.

Inventory:

Hand Weapons
 a - a +0 trident (weapon)
 b - a +0 sling
Missiles
 d - 3 throwing nets
 e - a javelin (quivered)
Armour
 c - a +0 helmet (worn)
 i - a +0 ring mail (worn)
 j - a +0 pair of gloves
 m - the +1 pair of gloves of Efaree (worn) {Rampage +Inv rC+ SInv}
   (You found it on level 4 of the Dungeon)

   rC:        It protects you from cold.
   SInv:      It lets you see invisible.
   +Inv:      It lets you turn invisible.
   Rampage:   It bestows one free step when moving towards enemies.
 p - a +0 pair of boots (worn)
Jewellery
 n - an amulet of reflection (around neck)
Wands
 k - a wand of flame (5)
Scrolls
 g - a scroll of summoning
 l - a scroll of torment
Potions
 f - 2 potions of curing
 o - 2 potions of lignification


   Skills:
 + Level 4.2 Fighting
 * Level 5.7 Polearms
 - Level 1.7 Throwing
 - Level 2.6 Dodging


You had 5 spell levels left.
You didn't know any spells.
Your spell library contained the following spells:

 Spells                   Type           Power      Damage    Failure   Level
 Gell's Gravitas          Tloc           0%         N/A       92%         3
 Ignite Poison            Fire/Tmut/Pois 0%         N/A       92%         3
 Lesser Beckoning         Tloc           0%         N/A       92%         3
 Mephitic Cloud           Conj/Pois/Air  0%         N/A       92%         3
 Teleport Other           Tloc           0%         N/A       92%         3
 Freezing Cloud           Conj/Ice/Air   0%         6-21      100%        5


Dungeon Overview and Level Annotations

Branches:
Dungeon (4/15)
 Temple: D:4-7

Altars:
Makhleb

Annotations:
D:1 dig
D:4 Edmund


Innate Abilities, Weirdness & Mutations

You regenerate magic rapidly.
You are mostly covered in razor-sharp scales. (AC +2, Slay +2)


Message History

You block Edmund's attack.
Edmund hits you with a +2 flail of protection!
You hit Edmund.
Edmund is lightly wounded.
Edmund closely misses you.
You barely miss Edmund.
Edmund is lightly wounded.
You block Edmund's attack. Edmund closely misses you.
It was a potion of invisibility.
You fade into invisibility!
Edmund barely misses you.
You hit Edmund.
Edmund is moderately wounded.
Edmund hits you with a +2 flail of protection.
Edmund hits you with a +2 flail of protection!
You hit Edmund.
Edmund is moderately wounded.
Edmund hits you with a +2 flail of protection.
You hit Edmund.
Edmund is heavily wounded.
You block Edmund's attack. x2
You hit Edmund but do no damage.
Edmund is heavily wounded.
Edmund closely misses you.
You catch the helpless Edmund completely off-guard!
You hit Edmund but do no damage.
Edmund is heavily wounded.
Edmund hits you with a +2 flail of protection!
* * * LOW HITPOINT WARNING * * *
You block Edmund's attack.
You hit Edmund.
Edmund is heavily wounded.
Edmund hits you with a +2 flail of protection!
* * * LOW HITPOINT WARNING * * *
You hit Edmund.
Edmund is severely wounded.
Edmund hits you with a +2 flail of protection.
* * * LOW HITPOINT WARNING * * *
Edmund hits you with a +2 flail of protection!
You die...

## .. #. #.####### #....
..## ... ...# #@# #..#
#@# #..# ###
###.####..### #A#
####......[....######
#.....)......#####._.###
......#.####†##..#...#..
#.#####.# #.....'...'..
# #.# #.....#...... #.#
#..###.._.### #.# #.##
########


You could see Edmund (fast, unable to see you).

Vanquished Creatures
  An ogre (D:4)
  2 orc priests (D:3)
  3 orc wizards (D:3)
  Robin (D:2)
  4 adders
  A shadow imp (D:3)
  A worm (D:2)
  5 dart slugs
  14 orcs
  5 ball pythons
  8 endoplasms
  2 giant cockroaches
  5 hobgoblins
  10 kobolds
  4 quokkas
  6 frilled lizards
  13 goblins
  5 rats
90 creatures vanquished.

Vanquished Creatures (collateral kills)
  An orc (D:3)
1 creature vanquished.

Vanquished Creatures (others)
  6 plants (D:3)
6 creatures vanquished.

Grand Total: 97 creatures vanquished

Notes
Turn   | Place    | Note
-------+----------+-------------------------------------------
     0 | D:1      | porpoise the Demonspawn Gladiator began the quest for the
                  | Orb.
     0 | D:1      | Reached XP level 1. HP: 16/16 MP: 1/1
   453 | D:1      | Reached skill level 3 in Polearms
   493 | D:1      | Gained mutation: You are partially covered in razor-sharp
                  | scales. (AC +1, Slay +1) [demonic ancestry]
   493 | D:1      | Reached XP level 2. HP: 20/22 MP: 2/2
  1092 | D:1      | Found a faded altar of an unknown god.
  1306 | D:2      | Gained mutation: You regenerate magic rapidly. [demonic
                  | ancestry]
  1306 | D:2      | Reached XP level 3. HP: 28/28 MP: 3/3
  1839 | D:2      | Noticed Robin
  1850 | D:2      | Reached skill level 4 in Polearms
  1851 | D:2      | Reached XP level 4. HP: 26/34 MP: 4/4
  1858 | D:2      | Killed Robin
  2342 | D:3      | Gained mutation: You are mostly covered in razor-sharp
                  | scales. (AC +2, Slay +2) [demonic ancestry]
  2342 | D:3      | Reached XP level 5. HP: 37/41 MP: 5/5
  2949 | D:3      | Reached skill level 5 in Polearms
  3271 | D:3      | Reached XP level 6. HP: 17/48 MP: 6/6
  3831 | D:4      | Noticed Edmund
  4037 | D:4      | Identified the +1 pair of gloves of Efaree {Rampage +Inv
                  | rC+ SInv}
  4153 | D:4      | Found a burning altar of Makhleb.
  4155 | D:4      | Noticed an Executioner
  4158 | D:4      | Noticed an angel
  4193 | D:4      | HP: 1/48 [Edmund/+2 flail of protection (6)]
  4193 | D:4      | Mangled by Edmund

Illustrated notes

Levels and vault maps discovered:
D:1:      dpeg_arrival_castle, layout_basic, serial_glass, glass_columns_a,
          glass_columns_a, minmay_strange_pillars, due_unseen_surprise,
          shapermc_ecumenical_altar_pompeii
D:2:      layout_basic, uniq_robin
D:3:      layout_basic, portal_sewer_entry_e, serial_bayou_pond_b, moated_statue
D:4:      layout_loops_ring, grunt_temple_overflow_order_and_chaos_2,
          nicolae_shop_gadgets, uniq_edmund

Skill      XL: |  1  2  3  4  5  6 |
---------------+-------------------+-----
Polearms       | 3 4 5 |  5.7
Fighting       | 3 4 |  4.2
Throwing       | |  1.7
Dodging        | |  2.6

Action                   |  1- 3 |  4- 6 || total
-------------------------+-------+-------++-------
Melee: Trident           |   117 |   167 ||   284
       Punch             |     1 |       ||     1
 Fire: Sling             |       |    14 ||    14
  Use: Scroll            |       |     7 ||     7
       Potion            |       |     1 ||     1
 Stab: Sleeping          |     1 |     1 ||     2
       Invisible         |       |     1 ||     1
Armor: Leather armour    |    21 |    31 ||    52
       Ring mail         |       |     5 ||     5
Dodge: Dodged            |    66 |    47 ||   113
Block: Other             |     6 |    30 ||    36
       Reflection        |       |     2 ||     2

Table legend: (Time is in decaauts)
 A = Elapsed time spent in this place.
 B = Non-inter-level travel time spent in this place.
 C = Inter-level travel time spent in this place.
 D = Time resting spent in this place.
 E = Time spent auto-exploring this place.
 F = Levels seen in this place.
 G = Mean time per level.
                   A        B        C        D        E       F      G
               +--------+--------+--------+--------+--------+-----+--------+
         Total |   4233 |   4113 |    120 |   1087 |   2169 |   4 | 1058.2 |
       Dungeon |   4233 |   4113 |    120 |   1087 |   2169 |   4 | 1058.2 |
               +--------+--------+--------+--------+--------+-----+--------+

Top non-repeatable levels by time:
     D:3: 1548 daAuts
     D:1: 1238 daAuts
     D:2: 1102 daAuts
     D:4: 344 daAuts
